 Dungeon Sprint DCSS version 0.21.1-1-g345015f (webtiles) character file.

448 sexinstructor the Fighter (level 6, -10/120 HPs)
             Began as a Troll Berserker on Mar 16, 2018.
             Was an Elder of Trog.
             Mangled by a two-headed ogre
             ... wielding a +0 giant spiked club
              (14 damage)
             ... in the Dungeon (Sprint IX: "|||||||||||||||||||||||||||||").
             The game lasted 00:03:55 (154 turns).

sexinstructor the Fighter (Troll Berserker)          Turns: 154, Time: 00:03:56

Health: -10/120    AC:  5    Str: 36    XL:     6   Next: 73%
Magic:  5/5        EV: 10    Int:  3    God:    Trog [****..]
Gold:   0          SH:  0    Dex: 12    Spells: 5/5 levels left

rFire    . . .     SeeInvis .   j - +0 giant club
rCold    . . .     Gourm    +   (shield currently unavailable)
rNeg     . . .     Faith    .   a - +0 animal skin
rPois    .         Spirit   .   (helmet restricted)
rElec    .         Reflect  .   (no cloak)
rCorr    .         Harm     .   (gloves unavailable)
MR       .....     NoTele   +   (boots unavailable)
Stlth    ..........             (no amulet)
HPRegen  0.70/turn              n - +3 ring of strength
MPRegen  0.09/turn              o - +3 ring of dexterity

@: berserking (expiring), very quick
A: large, unfitting armour, claws 3, fast metabolism 3, gourmand, regeneration
1, shaggy fur 1, tough skin 2
a: Berserk, Trog's Hand, Brothers in Arms, Burn Spellbooks, Renounce Religion


You were in the Dungeon.
You worshipped Trog.
Trog was greatly pleased with you.
You were very full.

You visited 1 branch

Inventory:

Hand Weapons
 j - a +0 giant club (weapon)
Armour
 a - a +0 animal skin (worn)
Jewellery
 n - a +3 ring of strength (left claw)
 o - a +3 ring of dexterity (right claw)
Wands
 m - a wand of acid (10)
Scrolls
 h - 2 scrolls of blinking
 l - 3 scrolls of remove curse
Potions
 c - 5 potions of curing
 d - 3 potions of heal wounds
 e - a potion of haste
 f - 4 potions of magic
 g - a potion of berserk rage
 k - a potion of invisibility
Comestibles
 b - 2 rations
 i - 6 chunks of flesh


   Skills:
 + Level 11.0 Fighting
 * Level 5.9 Maces & Flails
 - Level 2.4 Dodging
 - Level 3.0 Unarmed Combat


You had 5 spell levels left.
You didn't know any spells.

Dungeon Overview and Level Annotations

Branches:
Dungeon (1/1)

Altars:
Cheibriados
Dithmenos
Elyvilon
Fedhas
Gozag
Hepliaklqana
Kikubaaqudgha
Makhleb
Nemelex Xobeh
Okawaru
Qazlal
Ru
Sif Muna
Trog
Uskayaw
Vehumet
Wu Jian
Xom
Yredelemnul
Zin
The Shining One
Beogh
Jiyva
Lugonu


Innate Abilities, Weirdness & Mutations

You are too large for most types of armour.
You have claws for hands.
Your metabolism is lightning-fast.
You like to eat raw meat.
Your natural rate of healing is unusually fast.
You are covered in fur. (AC +1)
You have very tough skin. (AC +2)


Message History

The two-headed ogre hits you with a giant spiked club!
The two-headed ogre hits you with a giant club.
You barely miss the two-headed ogre.
The two-headed ogre is moderately wounded.
The two-headed ogre hits you with a giant spiked club!!
* * * LOW HITPOINT WARNING * * *
The two-headed ogre misses you.
You sock the two-headed ogre!
The two-headed ogre is heavily wounded.
You sock the two-headed ogre!
The two-headed ogre is severely wounded.
The two-headed ogre barely misses you.
The two-headed ogre hits you with a giant club.
* * * LOW HITPOINT WARNING * * *
You closely miss the two-headed ogre.
The two-headed ogre is severely wounded.
The two-headed ogre hits you with a giant spiked club!!
* * * LOW HITPOINT WARNING * * *
The two-headed ogre hits you with a giant club!
You die...

▓.▓
▓.▓
▓.▓
▓T▓
▓Y▓
▓5▓
▓O▓
▓@▓
▓.▓
▓[▓
▓[▓
▓[▓
▓)▓
▓|▓
▓?▓
▓.▓


You could see a two-headed ogre, a troll, a sky beast and a shadow imp.

Vanquished Creatures
  A gargoyle (D)
  An ogre (D)
  A howler monkey (D)
  An iguana (D)
  An ooze (D)
  2 leopard geckos (D)
  An orc (D)
  2 hobgoblins (D)
  A ball python (D)
  A bat (D)
12 creatures vanquished.

Notes
Turn   | Place    | Note
-------+----------+-------------------------------------------
     0 | D        | sexinstructor the Troll Berserker began the quest for the Orb.
     0 | D        | Reached XP level 1. HP: 22/22 MP: 0/0
     7 | D        | Reached skill level 3 in Fighting
    11 | D        | Reached ** piety under Trog
    24 | D        | Noticed an iguana
    24 | D        | Noticed an ogre
    25 | D        | Reached skill level 4 in Fighting
    25 | D        | Reached XP level 2. HP: 32/32 MP: 1/1
    27 | D        | Reached *** piety under Trog
    35 | D        | Killed an ogre
    35 | D        | Reached skill level 8 in Fighting
    35 | D        | Reached XP level 3. HP: 48/48 MP: 2/2
    35 | D        | Reached XP level 4. HP: 57/57 MP: 3/3
    95 | D        | Found a roughly hewn altar of Beogh.
    95 | D        | Found a snail-covered altar of Cheibriados.
    95 | D        | Found a shadowy altar of Dithmenos.
    95 | D        | Found a white marble altar of Elyvilon.
    95 | D        | Found a blossoming altar of Fedhas.
    95 | D        | Found an opulent altar of Gozag.
    96 | D        | Found a hazy altar of Hepliaklqana.
    97 | D        | Found a viscous altar of Jiyva.
    98 | D        | Found an ancient bone altar of Kikubaaqudgha.
    99 | D        | Found a corrupted altar of Lugonu.
   100 | D        | Found a burning altar of Makhleb.
   101 | D        | Found a sparkling altar of Nemelex Xobeh.
   102 | D        | Found an iron altar of Okawaru.
   103 | D        | Found a stormy altar of Qazlal.
   104 | D        | Found a sacrificial altar of Ru.
   105 | D        | Found a deep blue altar of Sif Muna.
   106 | D        | Found a bloodstained altar of Trog.
   107 | D        | Found a hide-covered altar of Uskayaw.
   108 | D        | Found a radiant altar of Vehumet.
   109 | D        | Found an ornate altar of the Wu Jian Council.
   110 | D        | Found a shimmering altar of Xom.
   111 | D        | Found a basalt altar of Yredelemnul.
   112 | D        | Found a glowing silver altar of Zin.
   113 | D        | Found a glowing golden altar of the Shining One.
   141 | D        | Noticed a troll
   141 | D        | Noticed a sky beast
   141 | D        | Noticed a two-headed ogre
   141 | D        | Noticed a gargoyle
   144 | D        | Reached **** piety under Trog
   144 | D        | Reached skill level 9 in Fighting
   144 | D        | Reached XP level 5. HP: 67/67 MP: 4/4
   149 | D        | Killed a gargoyle
   149 | D        | Reached skill level 11 in Fighting
   149 | D        | Reached skill level 5 in Maces & Flails
   149 | D        | Reached XP level 6. HP: 70/80 MP: 5/5
   154 | D        | HP: 4/120 [two-headed ogre/giant spiked club (29)]
   154 | D        | Mangled by a two-headed ogre

Skill      XL: |  1  2  3  4  5 |
---------------+----------------+-----
Fighting       | 4 8 9 11 | 11.0
Maces & Flails | 2 5 |  5.9
Dodging        | |  2.4
Unarmed Combat | |  3.0

Action                   |  1- 3 |  4- 6 || total
-------------------------+-------+-------++-------
Melee: Unarmed           |    18 |     2 ||    20
       Giant club        |       |    11 ||    11
Invok: Berserk           |     1 |     1 ||     2
  Eat: Chunk             |       |     7 ||     7
Armor: Animal skin       |     7 |     1 ||     8
Dodge: Dodged            |     3 |     4 ||     7
